 Dungeon Crawl Stone Soup version 0.20.0 (webtiles) character file.

33 FakerFangirl the Cudgeler (level 3, -7/31 HPs)
             Began as a Draconian Fighter on May 25, 2017.
             Killed by nerve-wracking pain
             ... invoked by Jessica
              (14 damage)
             ... on level 2 of the Dungeon.
             The game lasted 00:01:10 (1232 turns).

FakerFangirl the Cudgeler (Draconian Fighter)       Turns: 1232, Time: 00:01:11

Health: -7/31      AC:  5    Str: 18    XL:     3   Next: 12%
Magic:  3/3        EV: 10    Int:  8    God:
Gold:   79         SH:  9    Dex: 11    Spells: 2/2 levels left

rFire    . . .     SeeInvis .   Y - +1 flail
rCold    . . .     Gourm    .   b - +0 shield
rNeg     . . .     Faith    .   (armour unavailable)
rPois    .         Spirit   .   (helmet restricted)
rElec    .         Reflect  .   (no cloak)
rCorr    .         Harm     .   (no gloves)
MR       .....                  (no boots)
Stlth    +.........             (no amulet)
Regen    0.1/turn               (no ring)
MPRegen  0.1/turn               (no ring)

@: no status effects
A: unfitting armour, cold-blooded, AC +5
a: no special abilities


You were on level 2 of the Dungeon.
You were not hungry.

You visited 1 branch of the dungeon, and saw 2 of its levels.

You collected 79 gold pieces.


Innate Abilities, Weirdness & Mutations

Your plain brown scales are hard. (AC +5)
You cannot fit into any form of body armour.
You are cold-blooded and may be slowed by cold attacks.


   Skills:
 - Level 3.2 Fighting
 + Level 3.6 Maces & Flails
 - Level 2.6 Dodging
 - Level 3.0 Shields


You had 2 spell levels left.
You didn't know any spells.

Inventory:

Hand Weapons
 Y - a +1 flail (weapon)
Missiles
 n - 5 javelins of returning (quivered)
Armour
 b - a +0 shield (worn)
Wands
 h - a wand of confusion (22/48)
Scrolls
 f - a scroll of remove curse
 i - a scroll of immolation {unknown}
 l - a scroll of identify {unknown}
Potions
 c - a potion of might
 e - a potion of haste
 k - 3 potions of curing
 m - a potion of mutation {unknown}
Comestibles
 a - 4 chunks of flesh
 d - 2 bread rations
 g - a meat ration
 j - 2 fruits

Dungeon Overview and Level Annotations

Branches:
Dungeon (2/15)

Altars:
The Shining One

Annotations:
D:2 Jessica


Message History

a - 4 chunks of flesh (gained 2)
You see here a goblin skeleton {noeat}.
Jessica the Apprentice Sorceress comes into view.
She is wielding an enchanted club.
Found an escape hatch in the floor.
Jessica shouts!
Jessica closely misses you.
You hit Jessica but do no damage. Jessica gestures at you while chanting.
Pain shoots through your body!
You barely miss Jessica.
Jessica very coldly says, "I hate your company."
You block Jessica's attack.
You barely miss Jessica. Jessica casts a spell at you.
Pain shoots through your body!
You barely miss Jessica. You tail-slap Jessica.
Jessica is lightly wounded.
Jessica casts a spell at you. Pain shoots through your body!
You die...

#.# ##.#..# #.#
#.######....# #.. .
#.#.....%...# ##.
.. #.#.........# #.
... #.#........##
#. ....
#.#........# ###
.....###.#........#
#.)
..................#
#..
.......@##........#
#..
......@.+...#######
#.. ........#####
#.. ##....... #..
#....... #..
#........ #..
.......>.. ###
#####......


You could see Jessica.

Vanquished Creatures
  An ooze (D:1)
  A dart slug (D:1)
  2 giant cockroaches
  5 goblins
  A hobgoblin (D:2)
  3 jackals (D:1)
  3 kobolds (D:1)
  A quokka (D:2)
  2 bats
  6 rats
25 creatures vanquished.

Notes
Turn   | Place    | Note
-------+----------+-------------------------------------------
     0 | D:1      | FakerFangirl the Draconian Fighter began the quest for the Orb.
     0 | D:1      | Reached XP level 1. HP: 19/19 MP: 1/1
     0 | D:1      | 0 ||| counter = 14
   172 | D:1      | Reached XP level 2. HP: 25/26 MP: 2/2
   308 | D:1      | Reached skill level 3 in Maces & Flails
   837 | D:1      | 837 ||| READING scroll labeled TUTSUR ZUST.
   838 | D:1      | 838 ||| READING scroll labeled QAFUDO SEZEE.
   839 | D:1      | 839 ||| READING scroll labeled TIRUIF DATSEHU.
   840 | D:1      | 840 ||| READING scroll labeled INOAR FEIRRIYV.
   841 | D:1      | 841 ||| DRINKING 2 sapphire potions.
   842 | D:1      | 842 ||| DRINKING 2 silvery potions.
  1146 | D:2      | Found a glowing golden altar of the Shining One.
  1160 | D:2      | Reached XP level 3. HP: 30/31 MP: 3/3
  1227 | D:2      | Noticed Jessica
  1231 | D:2      | HP: 7/31 [Jessica/nerve-wracking pain (12)]
  1232 | D:2      | Killed from afar by Jessica

Vault maps used:
D:1:      minmay_arrival_stair_chambers
D:2:      tso_metal_star, columned_hall_lemuel, minmay_misc_feat_x, uniq_jessica

Skill      XL: |  1  2 |
---------------+-------+-----
Maces & Flails | 3 |  3.6
Fighting       | |  3.2
Dodging        | |  2.6
Shields        | |  3.0

Action                   || total
-------------------------++-------
Melee: Flail             ||    68
       Tailslap          ||    10
Throw: Javelin           ||    15
  Use: Scroll            ||     4
       Potion            ||     2
  Eat: Chunk             ||     1
Armor: Skin              ||    16
Dodge: Dodged            ||    26
Block: Shield            ||    30
